 Dungeon Crawl Stone Soup version 0.28-a0-1382-g92835e5c71 (webtiles) character file.

Game seed: 7022666221977455673

36156 lunkers the Warrior (level 13, -3/190 HPs)
             Began as a Minotaur Cinder Acolyte on Jan 1, 2022.
             Was a High Priest of Ignis.
             Slain by a killer bee (6 damage)
             ... on level 5 of the Lair of Beasts.
             The game lasted 00:26:29 (19755 turns).

lunkers the Warrior (Minotaur Cinder Acolyte)      Turns: 19755, Time: 00:26:30

Health: -3/190     AC: 26    Str: 22    XL:     13   Next: 51%
Magic:  13/13      EV:  2    Int: 11    God:    Ignis [*****.]
Gold:   913        SH: 14    Dex: 20    Spells: 14/14 levels left

rFire   + . .      SeeInvis .   b - +2 flail (drain)
rCold   . . .      Faith    .   q - +0 kite shield
rNeg    . . .      Spirit   .   (armour currently unavailable)
rPois   +          Reflect  .   (helmet currently unavailable)
rElec   .          Harm     .   (cloak currently unavailable)
rCorr   .          Rampage  .   (gloves currently unavailable)
Will    .....      NoTele   +   (boots currently unavailable)
Stlth   ++........              (no amulet)
HPRegen 0.41/turn               e - +6 ring of dexterity
MPRegen 0.13/turn               p - +6 ring of dexterity

@: lethally poisoned (-3 -> -8), tree-form, studying Stealth
A: stationary, stasis, torment immunity, boosted hp, (horns 2), (retaliatory
headbutt)
a: Renounce Religion, Fiery Armour, Foxfire Swarm, Rising Flame


You were on level 5 of the Lair of Beasts.
You worshipped Ignis.
Ignis was extremely pleased with you.
You were a tree.
You visited 2 branches of the dungeon, and saw 15 of its levels.
You also visited: Sewer, Bailey and Volcano.

You collected 913 gold pieces.

Inventory:

Hand Weapons
 a - a -1 hand axe of flaming
 b - a +2 flail of draining (weapon)
 d - a +1 war axe
 l - a +3 battleaxe of flaming
 s - a +0 flail of holy wrath
 G - a +0 morningstar
 L - a +2 flail of protection
Missiles
 c - 2 throwing nets
 h - 62 poisoned darts (quivered)
 j - 451 stones
 v - 66 bolts
 y - a javelin
 E - 7 boomerangs
 M - a curare-tipped dart
Armour
 g - a +3 leather armour of poison resistance
 m - +6 gold dragon scales (melded)
 q - a +0 kite shield (worn)
 t - a +2 leather armour of willpower
 u - a +2 pair of gloves (melded)
 N - a +2 cloak (melded)
Jewellery
 e - a +6 ring of dexterity (left branch)
 p - a +6 ring of dexterity (right branch)
 w - an amulet of reflection
 F - a ring of ice
 K - a ring of ice
Wands
 C - a wand of polymorph (15)
 J - a wand of mindburst (5)
 O - a wand of paralysis (5)
 R - a wand of iceblast (5)
 T - a wand of digging (6)
Scrolls
 i - 2 scrolls of fog
 k - a scroll of amnesia
 H - 2 scrolls of enchant weapon
 V - a scroll of enchant armour
Potions
 f - 2 potions of mutation {unknown}
 n - 3 potions of attraction
 o - a potion of ambrosia
 r - 2 potions of heal wounds {unknown}
 x - 4 potions of curing
 z - 4 potions of lignification
 A - a potion of cancellation {unknown}
 B - 2 potions of magic {unknown}
 D - a potion of invisibility {unknown}
 P - a potion of flight
 Q - a potion of haste
 S - a potion of might
 U - a potion of berserk rage {unknown}


   Skills:
 + Level 15.5 Fighting
 - Level 10.6(11.5) Axes
 - Level 7.2(10.0) Maces & Flails
 + Level 11.6 Armour
 + Level 14.4 Shields
 - Level 1.0 Spellcasting
 - Level 2.1 Fire Magic
 - Level 6.0 Evocations


You had 14 spell levels left.
You didn't know any spells.
Your spell library contained the following spells:

 Spells                   Type           Power      Damage    Failure   Level
 Scorch                   Fire           10%        2d5       22%         2
 Animate Skeleton         Necr           0%         N/A       34%         1
 Pain                     Necr           0%         1d4       34%         1
 Sting                    Tmut/Pois      0%         1d3       34%         1
 Corpse Rot               Necr/Air       0%         N/A       45%         2
 Poisonous Vapours        Pois/Air       0%         N/A       45%         2
 Static Discharge         Conj/Air       0%         N/A       45%         2
 Frozen Ramparts          Ice            0%         1d2       71%         3
 Vampiric Draining        Necr           0%         2d6       71%         3
 Sticky Flame             Conj/Fire      2%         2d3       91%         4
 Animate Dead             Necr           0%         N/A       98%         4
 Dispel Undead            Necr           0%         3d6       98%         4
 Fulminant Prism          Conj/Hex       0%         3d6       98%         4
 Ice Form                 Ice/Tmut       0%         N/A       98%         4
 Iskenderun's Mystic Bla  Conj/Tloc      0%         2d3       98%         4
 Olgreb's Toxic Radiance  Pois           0%         N/A       98%         4
 Summon Ice Beast         Ice/Summ       0%         N/A       98%         4
 Agony                    Necr           0%         N/A       100%        5
 Alistair's Intoxication  Tmut/Pois      0%         N/A       100%        5
 Borgnjor's Vile Clutch   Necr/Erth      0%         N/A       100%        5
 Excruciating Wounds      Necr           0%         N/A       100%        5
 Lee's Rapid Deconstruct  Erth           0%         3d5*      100%        5
 Death Channel            Necr           0%         N/A       100%        6
 Ozocubu's Refrigeration  Ice            0%         4d5       100%        7
 Ignition                 Fire           2%         3d3       100%        8
 Maxwell's Capacitive Co  Air            0%         ∞         100%        8


Dungeon Overview and Level Annotations

Branches:
Dungeon (9/15)             Temple (0/1) D:5            Lair (6/6) D:9
 Spider (0/4) Lair:2        Sewer (visited)          Bailey (visited)
Volcano (visited)
  Swamp: Lair:2-4    Shoals: Lair:2-4     Snake: Lair:2-4     Slime: Lair:5-6
    Orc: D:9-12

Altars:
Elyvilon
Kikubaaqudgha
Makhleb
Nemelex Xobeh
Ru
Sif Muna

Shops:
D:4 [(

Annotations:
D:8 1 runed translucent door, 2 transporters, DrKleor's ghost, novice DsFi


Innate Abilities, Weirdness & Mutations

You are a tree.
Your roots penetrate the ground, keeping you stationary.
You cannot be teleported.
You are immune to unholy pain and torment.
Your maximum health is greatly increased.
Your equipment is partially melded.
((You have a pair of horns on your head.))
((You reflexively headbutt those who attack you in melee.))


Message History

Your water moccasin misses the killer bee.
Really quaff the potion of lignification?
You turn into a tree.
Your +2 cloak melds into your body.
Your +2 pair of gloves melds into your body.
Your +6 gold dragon scales melds into your body.
Your roots penetrate the ground.
You block the killer bee's attack. The killer bee stings you.
* * * LOW HITPOINT WARNING * * *
The killer bee stings you but does no damage.
You block the killer bee's attack. The meliai barely misses you.
The meliai stings you but does no damage.
A killer bee comes into view.
The killer bee stings you.
* * * LOW HITPOINT WARNING * * *
A killer bee comes into view.
The killer bee stings you but does no damage.
The killer bee stings you!
* * * LOW HITPOINT WARNING * * *
Your water moccasin closely misses the killer bee.
The killer bee stings you!
* * * LOW HITPOINT WARNING * * *
You are poisoned.
The killer bee poisons you!
The meliai invokes the aid of its god against you.
Something smites you!
* * * LOW HITPOINT WARNING * * *
The killer bee moves out of view.
You hit the meliai.
The meliai is moderately wounded.
You feel very sick.
The killer bee dies!
A killer bee comes into view.
The killer bee stings you but does no damage. x2
You block the meliai's attack. x2
The meliai mumbles some strange prayers to its god against you.
Something smites you!
* * * LOW HITPOINT WARNING * * *
Your water moccasin misses the killer bee.
The killer bee stings you.
You die...

#......... .y.......#
#y.y.....# #.y......#
#........# ###.. #........#
.#... ##....F.y.## #.......
.. #P....yyy#.##......P.. ..#
##.>..yy♣S###........P.
..PP##.....yy..#..........h
....#........#.............
#......#......P..†(#..#.P.(..
...............P...†.#.......
###.....P...........#..P.....
P.................†.........
.........)..............P....
..........................D..


You could see a queen bee, 2 meliai, a bullfrog, 9 killer bees and a friendly
water moccasin (summoned).

Vanquished Creatures
  Nessos (Lair:5)
  Harold (Lair:1)
  6 hydras
  A centaur warrior (D:8)
  2 two-headed ogres
  6 death yaks
  A hell knight (Volcano)
  Pikel (D:4)
  A deep elf pyromancer (Volcano)
  2 cyclopes (Volcano)
  A manticore (D:8)
  A salamander (Volcano)
  5 molten gargoyles (Volcano)
  A black mamba (Lair:5)
  Maggie (D:9)
  4 cane toads
  4 gargoyles
  3 rime drakes
  6 komodo dragons
  2 hornets
  A meliai (Lair:5)
  Grinder (D:4)
  A polar bear (Lair:5)
  4 blink frogs (Lair:3)
  2 jumping spiders (Lair:2)
  A shadow (D:6)
  A wraith (D:8)
  3 wyverns
  A basilisk (Lair:5)
  41 yaks
  A vampire (Bailey)
  2 redbacks (Lair:2)
  2 wandering mushrooms (D:8)
  2 steam dragons (D:8)
  Edmund (D:5)
  18 water moccasins
  A floating eye (D:8)
  2 ice beasts
  4 orc warriors
  4 sky beasts
  3 black bears
  A hornet zombie (D:4)
  A necrophage (D:2)
  3 ogres
  A wolf (Lair:6)
  2 centaurs (D:8)
  2 lemures (D:4)
  2 kobold brigands
  Blork the orc (D:5)
  4 scorpions
  6 bullfrogs
  2 wyvern zombies
  A water moccasin skeleton (D:5)
  A ballistomycete (D:8)
  2 killer bees (D:8)
  A wight (D:8)
  2 howler monkeys
  7 vampire bats (Bailey)
  A wolf zombie (Bailey)
  A bullfrog zombie (D:6)
  A centaur zombie (D:5)
  5 orc priests
  A centaur skeleton (D:5)
  4 hounds
  A bullfrog skeleton (D:5)
  Crazy Yiuf (D:7)
  3 jellies
  Ijyb (D:4)
  6 iguanas
  7 hell rats
  9 orc wizards
  A killer bee zombie (D:5)
  A hound skeleton (D:4)
  A howler monkey zombie (D:9)
  A gnoll (D:7)
  8 adders
  A howler monkey skeleton (D:5)
  18 orc zombies (Bailey)
  A river rat (Sewer)
  A white imp (D:8)
  2 ufetubi
  2 worms
  A dart slug (D:1)
  28 orcs
  5 endoplasms
  3 giant cockroaches (D:4)
  10 goblins
  5 hobgoblins
  7 jackals
  14 kobolds
  8 quokkas
  9 ball pythons
  6 frilled lizards
  12 rats
371 creatures vanquished.

Vanquished Creatures (collateral kills)
  A killer bee (Lair:5)
1 creature vanquished.

Vanquished Creatures (others)
  2 ballistomycete spores (D:8)
  12 fungi
  37 plants
51 creatures vanquished.

Grand Total: 423 creatures vanquished

Notes
Turn   | Place    | Note
-------+----------+-------------------------------------------
     0 | D:1      | lunkers the Minotaur Cinder Acolyte began the quest for the
                  | Orb.
     0 | D:1      | Reached XP level 1. HP: 19/19 MP: 1/1
   243 | D:1      | Reached XP level 2. HP: 27/27 MP: 2/2
   299 | D:1      | Reached skill level 4 in Fighting
   725 | D:1      | Found a faded altar of an unknown god.
   915 | D:1      | Reached XP level 3. HP: 29/33 MP: 3/3
  1184 | D:2      | Noticed a black bear
  1295 | D:2      | Reached skill level 5 in Axes
  1339 | D:2      | Noticed a necrophage
  1348 | D:2      | Killed a necrophage
  1349 | D:2      | Reached XP level 4. HP: 37/41 MP: 4/4
  1632 | D:2      | Reached XP level 5. HP: 47/47 MP: 5/5
  2680 | D:3      | Reached skill level 5 in Fighting
  3151 | D:3      | Reached XP level 6. HP: 56/56 MP: 6/6
  3310 | D:4      | Found an ancient bone altar of Kikubaaqudgha.
  3359 | D:4      | Noticed Ijyb
  3369 | D:4      | Paralysed by Ijyb for 3 turns
  3374 | D:4      | Killed Ijyb
  3494 | D:4      | Found Xoiniy's Antique Armour Boutique.
  3580 | D:4      | Found a glowing drain.
  3591 | Sewer    | Entered a sewer
  3667 | D:4      | Noticed Grinder
  3675 | D:4      | Killed Grinder
  3676 | D:4      | Reached XP level 7. HP: 27/61 MP: 7/7
  4043 | D:4      | Found Wilien's Firing Range.
  4533 | D:4      | Reached skill level 10 in Axes
  4676 | D:5      | Entered Level 5 of the Dungeon
  4676 | D:5      | Noticed Edmund
  4685 | D:5      | Killed Edmund
  4688 | D:5      | Noticed Pikel
  4710 | D:4      | Reached skill level 6 in Fighting
  4712 | D:4      | Reached XP level 8. HP: 39/70 MP: 8/8
  4895 | D:4      | Killed Pikel
  4896 | D:4      | Reached skill level 7 in Fighting
  4946 | D:5      | Noticed Blork the orc
  4955 | D:5      | Killed Blork the orc
  4986 | D:5      | Reached skill level 8 in Fighting
  4986 | D:5      | Reached skill level 5 in Shields
  5526 | D:5      | Reached XP level 9. HP: 81/82 MP: 9/9
  5537 | D:5      | Found a staircase to the Ecumenical Temple.
  5589 | D:5      | Found a white marble altar of Elyvilon.
  5808 | D:6      | Reached skill level 1 in Evocations
  5819 | D:6      | Reached skill level 9 in Fighting
  5914 | D:6      | Identified the +0 ring mail "Soeser" {rElec rPois rF-
                  | Dex+3}
  6037 | D:6      | Found a burning altar of Makhleb.
  6622 | D:6      | Reached skill level 10 in Fighting
  7088 | D:7      | Found a flagged portal.
  7099 | Bailey   | Entered a bailey
  7217 | Bailey   | Reached XP level 10. HP: 91/94 MP: 10/10
  7573 | Bailey   | Noticed a gargoyle
  7581 | Bailey   | Killed a gargoyle
  8469 | D:7      | Found a runed translucent door.
  8470 | D:7      | Noticed Crazy Yiuf
  8859 | D:7      | Noticed a seven-headed hydra
  8868 | D:7      | Killed a four-headed hydra
  8869 | D:7      | Reached skill level 11 in Fighting
  9497 | D:7      | Killed Crazy Yiuf
  9560 | D:8      | Noticed a two-headed ogre
  9575 | D:8      | Killed a two-headed ogre
  9999 | D:8      | Reached skill level 10 in Shields
 10007 | D:8      | Identified the +2 trident of Parts Unknown {flame, rF- rC+
                  | Stlth+}
 10075 | D:8      | Noticed an oklob plant
 10412 | D:8      | Noticed a manticore
 10417 | D:8      | Killed a manticore
 10418 | D:8      | Reached skill level 12 in Fighting
 10418 | D:8      | Reached skill level 5 in Armour
 10856 | D:8      | Found a runed translucent door.
 10920 | D:8      | Reached skill level 1 in Maces & Flails
 10920 | D:8      | Reached XP level 11. HP: 96/104 MP: 11/11
 11061 | D:8      | Found a transporter.
 11066 | D:8      | Found a transporter.
 11066 | D:8      | Noticed a deep elf pyromancer
 11067 | D:8      | Noticed a cyan ugly thing
 11074 | D:8      | Found a sacrificial altar of Ru.
 11074 | D:8      | Found a shimmering blue altar of Sif Muna.
 11074 | D:8      | Found a sparkling altar of Nemelex Xobeh.
 11135 | D:8      | Noticed an oklob plant
 11308 | D:8      | Noticed DrKleor's ghost (novice DsFi)
 11451 | D:8      | Noticed an oklob plant
 11658 | D:9      | Noticed a centaur warrior
 11670 | D:8      | Killed a centaur warrior
 11856 | D:8      | an oklob plant changed into a wandering mushroom
 11918 | D:8      | an oklob plant changed into a wandering mushroom
 11944 | D:8      | an oklob plant changed into a ballistomycete
 12024 | D:8      | Noticed an oklob plant
 12120 | D:8      | Noticed a shambling mangrove
 12120 | D:8      | an oklob plant changed into a shambling mangrove
 12631 | D:9      | Reached skill level 5 in Maces & Flails
 13029 | D:9      | Noticed a two-headed ogre
 13042 | D:9      | Killed a two-headed ogre
 13061 | D:8      | HP: 2/159 [hornet (11)]
 13455 | D:9      | Noticed Maggie
 13478 | D:9      | Killed Maggie
 13594 | D:9      | Found a staircase to the Lair.
 13735 | D:9      | Reached skill level 13 in Fighting
 13902 | Lair:1   | Entered Level 1 of the Lair of Beasts
 13932 | Lair:1   | Noticed Harold
 13943 | Lair:1   | Killed Harold
 14034 | Lair:1   | Found a dark tunnel.
 14043 | Volcano  | Entered a volcano
 14092 | Volcano  | Reached XP level 12. HP: 78/115 MP: 12/12
 14260 | Volcano  | Noticed an orb of fire
 14807 | Volcano  | Reached skill level 5 in Evocations
 14811 | Volcano  | Noticed an orb of fire
 15548 | Lair:1   | Got Sif Muna's Volume of Flight and Contamination
 15857 | Lair:2   | Noticed a death yak
 15857 | Lair:2   | Noticed a death yak
 15857 | Lair:2   | Noticed a death yak
 15857 | Lair:2   | Noticed a death yak
 15859 | Lair:2   | Noticed a death yak
 15889 | Lair:1   | Killed a death yak
 15900 | Lair:1   | Killed a death yak
 15910 | Lair:1   | Killed a death yak
 16106 | Lair:2   | Noticed a death yak
 16230 | D:9      | Killed a death yak
 16231 | D:9      | Reached skill level 14 in Fighting
 16444 | Lair:1   | Killed a death yak
 16563 | Lair:2   | Killed a death yak
 17048 | Lair:2   | Reached skill level 10 in Armour
 17139 | Lair:2   | Found a hole to the Spider Nest.
 17872 | Lair:3   | Reached XP level 13. HP: 125/125 MP: 13/13
 18542 | Lair:3   | Reached skill level 15 in Fighting
 19104 | Lair:4   | You fall into a shaft and drop 2 floors!
 19104 | Lair:6   | Entered Level 6 of the Lair of Beasts
 19178 | Lair:5   | Noticed Nessos
 19185 | Lair:5   | Killed Nessos
 19755 | Lair:5   | HP: 3/190 [meliai/divine providence (9)]
 19755 | Lair:5   | Slain by a killer bee

Illustrated notes

Levels and vault maps discovered:
D:1:      minmay_arrival_up_and_down, layout_rooms, basic_ecumenical_altar,
          serial_aquarium, aquarium_bridge_long_separate
          [aquarium_subvault_bridge, aquarium_subvault_bridge,
          aquarium_subvault_wall, aquarium_subvault_wall,
          aquarium_subvault_wall, aquarium_subvault_bridge],
          aquarium_bridge_square [aquarium_subvault_bridge,
          aquarium_subvault_window, aquarium_subvault_window,
          aquarium_subvault_bridge], aquarium_window_1, aquarium_window_1,
          aquarium_window_2, aquarium_view_2e, aquarium_balcony_1b
D:2:      layout_loops_ring, minmay_misc_feat_rows, minmay_liquid_box,
          lightli_corner_chamber
D:3:      layout_loops_corners, minmay_randomly_rotated_circles
D:4:      layout_basic, lemuel_crystal_altar, portal_sewer_entry_f,
          lightli_ossuary_entry_decrepit_ruins, serial_shops, shop,
          grunt_ministairs_12, nicolae_shop_firing_range, uniq_grinder,
          uniq_ijyb
D:5:      layout_cave_pools, elyvilon_altar_1, minmay_temple_entry_glassed_door,
          uniq_edmund, uniq_pikel, uniq_blork_the_orc
D:6:      minmay_opposing_rooms, layout_loops_ring, mainiacjoe_overflow_paths
D:7:      layout_loops_corners, enter_bailey_7, uniq_crazy_yiuf_cottage
D:8:      cheibrodos_barr_body, layout_rooms, gammafunk_temple_overflow_arena,
          ebering_ghost_reflecting_pool, nicolae_wwwww, disabler_island
D:9:      layout_rooms, david_lair_shrubbed, serial_glass, glass_columns_a,
          glass_columns_a, minivault_14, minmay_misc_feat_pillars,
          kennysheep_small_circle, uniq_maggie
Lair:1:   layout_regular_city, enter_volcano_4, uniq_harold
Lair:2:   layout_regular_city, spider_nest_entry_funnel_web,
          portal_ice_cave_rime, lemuel_fruit_tree, grunt_megastairs_3
Lair:3:   layout_regular_city
Lair:4:   layout_regular_city, elwin_shoals_entry_rooms,
          chequers_serial_rivers_micro_d, serial_bayou_shore_b,
          lemuel_fruit_fields, uniq_rupert
Lair:5:   layout_hall_layers, slime_altar_2, special_room [special_room_bee],
          evilmike_ambush [evilmike_ambush_outer_basic,
          evilmike_ambush_inner_wall_2], uniq_nessos
Lair:6:   evil_forest, layout_regular_city

Skill      XL: |  1  2  3  4  5  6  7  8  9 10 11 12 13 |
---------------+----------------------------------------+-----
Axes           | 4 6 7 9 10 | 10.6
Fighting       | 4 5 6 8 10 12 13 14 15 | 15.5
Shields        | 5 8 10 11 13 14 | 14.4
Evocations     | 4 6 |  6.0
Armour         | 5 7 10 11 | 11.6
Maces & Flails | 1 7 |  7.2
Spellcasting   | |  1.0
Fire Magic     | |  2.1

Action                   |  1- 3 |  4- 6 |  7- 9 | 10-12 | 13-15 || total
-------------------------+-------+-------+-------+-------+-------++-------
Melee: Hand axe          |    73 |     5 |       |    16 |    35 ||   129
       Headbutt          |     7 |    10 |    71 |   268 |    72 ||   428
       War axe           |       |   101 |    62 |     2 |       ||   165
       Flail             |       |       |   184 |   781 |   156 ||  1121
       Unarmed           |       |       |       |     4 |       ||     4
Throw: Dart              |       |    49 |    42 |    45 |     8 ||   144
Evoke: Wand              |       |     2 |     2 |    32 |     7 ||    43
  Use: Scroll            |       |     6 |     7 |     9 |     6 ||    28
       Potion            |       |     1 |       |     5 |     1 ||     7
 Stab: Paralysed         |       |     4 |     6 |       |       ||    10
       Sleeping          |       |       |       |     1 |       ||     1
Armor: Robe              |     3 |       |       |       |       ||     3
       Ring mail         |    15 |     1 |       |       |       ||    16
       Chain mail        |       |    39 |    45 |       |       ||    84
       Leather armour    |       |       |    75 |    24 |       ||    99
       Gold dragon scale |       |       |       |   409 |   157 ||   566
       Skin              |       |       |       |     6 |     5 ||    11
Dodge: Dodged            |    32 |    30 |    83 |    93 |    32 ||   270
Block: Kite shield       |       |       |   130 |   510 |   169 ||   809

Table legend: (Time is in decaauts)
 A = Elapsed time spent in this place.
 B = Non-inter-level travel time spent in this place.
 C = Inter-level travel time spent in this place.
 D = Time resting spent in this place.
 E = Time spent auto-exploring this place.
 F = Levels seen in this place.
 G = Mean time per level.
                   A        B        C        D        E       F      G
               +--------+--------+--------+--------+--------+-----+--------+
         Total |  19882 |  19150 |    732 |   3141 |  12142 |  18 | 1104.6 |
       Dungeon |  12842 |  12197 |    645 |   1768 |   8087 |   9 | 1426.9 |
          Lair |   4377 |   4291 |     86 |    490 |   2808 |   6 |  729.5 |
         Sewer |     75 |     75 |      0 |      0 |      0 |   1 |   75.0 |
        Bailey |   1354 |   1354 |      0 |    544 |    581 |   1 | 1354.0 |
       Volcano |   1233 |   1233 |      0 |    339 |    666 |   1 | 1233.0 |
               +--------+--------+--------+--------+--------+-----+--------+

Top non-repeatable levels by time:
     D:8: 3190 daAuts
     D:3: 1559 daAuts
     D:4: 1533 daAuts
     D:7: 1442 daAuts
  Lair:2: 1356 daAuts
  Bailey: 1354 daAuts
     D:6: 1252 daAuts
 Volcano: 1233 daAuts
     D:9: 1217 daAuts
  Lair:1: 1104 daAuts
  Lair:3: 1053 daAuts
     D:1: 1017 daAuts
     D:5: 884 daAuts
     D:2: 744 daAuts
  Lair:5: 567 daAuts
